 Dungeon Crawl Stone Soup version 0.29.1-2-gbd0b4ee654 (webtiles) character file.

Game seed: 178242714509701783

18 GorkyZ the Stinger (level 2, -1/15 HPs)
             Began as a Gargoyle Venom Mage on Nov 23, 2022.
             Slain by Terence
             ... wielding a +0 short sword
              (4 damage)
             ... on level 2 of the Dungeon.
             The game lasted 00:02:19 (1385 turns).

GorkyZ the Stinger (Gargoyle Venom Mage)            Turns: 1385, Time: 00:02:20

Health: -1/15      AC: 12    Str: 11    XL:     2   Next: 70%
Magic:  5/5        EV:  2    Int: 15    God:
Gold:   98         SH:  0    Dex: 10    Spells: 4/5 levels left

rFire   . . .      SeeInvis .   c - +0 short sword
rCold   . . .      Faith    .   k - orb {light}
rNeg    + . .      Spirit   .   o - +0 plate armour
rPois   ∞          Reflect  .   (no helmet)
rElec   +          Harm     .   (no cloak)
rCorr   .          Rampage  .   (no gloves)
Will    .....                   (no boots)
Stlth   ..........              (no amulet)
HPRegen 0.05/turn               (no ring)
MPRegen 0.09/turn               (no ring)

@: glowing
A: sickness immunity, AC +2, negative energy resistance 1, electricity
resistance, torment resistance 1, petrification resistance
a: no special abilities


You were on level 2 of the Dungeon.
You visited 1 branch of the dungeon, and saw 2 of its levels.

You collected 98 gold pieces.

Inventory:

Hand Weapons
 c - a +0 short sword (weapon)
Armour
 a - a +0 robe
 f - a +0 ring mail
 k - an orb of light (worn)
 m - a +0 leather armour
 o - a +0 plate armour (worn)
Jewellery
 l - a +6 ring of strength
 u - a ring of flight
Scrolls
 d - a scroll of teleportation {unknown}
 e - 2 scrolls of identify {unknown}
 g - a scroll of vulnerability {unknown}
 h - a scroll of butterflies {unknown}
 i - a scroll of blinking {unknown}
 q - a scroll of silence {unknown}
 r - a scroll of immolation {unknown}
 s - a scroll of torment {unknown}
Potions
 b - a potion of magic
 j - 2 potions of degeneration {unknown}
 n - a potion of curing {unknown}
 p - a potion of heal wounds {unknown}
 t - a potion of attraction {unknown}
 v - a potion of resistance {unknown}


   Skills:
 + Level 1.8 Dodging
 - Level 2.1 Stealth
 + Level 2.2 Spellcasting
 + Level 1.2 Transmutations
 + Level 3.2 Poison Magic


You had 4 spell levels left.
You knew the following spells:

 Your Spells              Type           Power      Damage    Failure   Level
a - Sting                 Tmut/Pois      32%        1d4       100%        1

Your spell library contained the following spells:

 Spells                   Type           Power      Damage    Failure   Level
 Poisonous Vapours        Pois/Air       12%        N/A       100%        2
 Mephitic Cloud           Conj/Pois/Air  4%         N/A       100%        3
 Olgreb's Toxic Radiance  Pois           11%        N/A       100%        4


Dungeon Overview and Level Annotations

Branches:
Dungeon (2/15)

Altars:

Annotations:
D:2 Terence


Innate Abilities, Weirdness & Mutations

You are immune to sickness and miasma.
Your stone body is resilient. (AC +2)
You are immune to poison.
You resist negative energy. (rN+)
You are resistant to electric shocks. (rElec)
You are resistant to unholy torment.
You are immune to petrification.


Message History

The ball python constricts you.
You hit the ball python but do no damage.
The ball python bites you but does no damage.
The ball python constricts you.
You hit the ball python.
You kill the ball python!
You see here a ball python corpse.
You start resting.
HP restored.
v - a red potion You now have 98 gold pieces (gained 8).
There is an escape hatch in the floor here.
Found a stone staircase leading up.
Terence the Incautious comes into view.
He is wielding a +0 short sword.
Terence shouts!
Terence bares his teeth.
You hit Terence but do no damage. Terence hits you with a +0 short sword.
You hit Terence.
Terence is moderately wounded.
Terence hits you but does no damage.
You hit Terence but do no damage.
Terence is lightly wounded.
Terence hits you but does no damage.
You hit Terence but do no damage.
Terence is lightly wounded.
Terence hits you with a +0 short sword.
You hit Terence.
Terence is moderately wounded.
Terence screams, "I want your blood!" Terence hits you with a +0 short sword.
* * * LOW HITPOINT WARNING * * *
Terence hits you but does no damage.
Terence shouts, "DIE!!!"
Terence attacks as you move away! Terence hits you but does no damage.
Terence attacks as you move away! Terence hits you but does no damage.
Terence shouts, "Now you die!" Terence attacks as you move away!
Terence hits you but does no damage. Terence attacks as you move away!
Terence hits you but does no damage. Terence attacks as you move away!
Terence hits you with a +0 short sword.
You die...

.......÷....##.#...#...#
.......†.##.##.#...#.###
........#....##.#...#.#
........#>#####.#.....#
........#.## #....#.##
........#..# ####...# ####<#
8.......##.# ####...####....##
........##.###.....###........
.............@@..#####.#....##
........#.####.........# ...#
........#.# #>.#.###### ###
........#.#######.#
........#.........#
###################


You could see Terence.

Vanquished Creatures
  2 ball pythons
  2 endoplasms (D:1)
  A goblin (D:1)
  2 hobgoblins
  A quokka (D:1)
  6 bats
  A kobold (D:1)
  2 rats
17 creatures vanquished.

Notes
Turn   | Place    | Note
-------+----------+-------------------------------------------
     0 | D:1      | GorkyZ the Gargoyle Venom Mage began the quest for the Orb.
     0 | D:1      | Reached XP level 1. HP: 10/10 MP: 3/3
   356 | D:1      | Reached skill level 1 in Transmutations
   461 | D:1      | Reached XP level 2. HP: 11/15 MP: 5/5
   731 | D:1      | Found a faded altar of an unknown god.
  1369 | D:2      | Noticed Terence
  1385 | D:2      | Slain by Terence

Illustrated notes

Levels and vault maps discovered:
D:1:      dpeg_arrival_arbitrary_a, layout_rooms,
          shapermc_ecumenical_altar_ellora
D:2:      layout_basic, serial_shops, nicolae_shop_statue_plus, uniq_terence

Skill      XL: |  1 |
---------------+----+-----
Transmutations | 1 |  1.2
Dodging        | |  1.8
Stealth        | |  2.1
Spellcasting   | |  2.2
Poison Magic   | |  3.2

Action                   || total
-------------------------++-------
Melee: Short sword       ||    74
       Unarmed           ||     2
       Punch             ||     1
 Stab: Sleeping          ||     1
Armor: Ring mail         ||    21
       Robe              ||     2
       Plate armour      ||    44
Dodge: Dodged            ||    34
